 Dungeon Crawl Stone Soup version 0.30-a0-141-g30f27751c5 (webtiles) character file.

Game seed: 6657877994770076909

3434 qw the Cleaver (level 10, -2/64 HPs)
             Began as a Gargoyle Fighter on Sept 25, 2022.
             Slain by an orc warrior
             ... wielding a +0 halberd
              (5 damage)
             ... on level 8 of the Dungeon.
             The game lasted 00:02:52 (7453 turns).

qw the Cleaver (Gargoyle Fighter)                   Turns: 7453, Time: 00:02:53

Health: -2/64      AC: 20    Str: 23    XL:     10   Next: 5%
Magic:  10/10      EV:  8    Int: 10    God:
Gold:   42         SH:  9    Dex:  9    Spells: 9/9 levels left

rFire   . . .      SeeInvis .    Y - +1 war axe
rCold   . . .      Faith    .    c - +0 buckler
rNeg    + . .      Spirit   .    g - +0 chain mail
rPois   inf        Reflect  +    (no helmet)
rElec   +          Harm     .    h - +2 cloak {Stlth+}
rCorr   +          Rampage  .    (no gloves)
Will    .....                    (no boots)
Stlth   ..........               i - amulet of reflection
HPRegen 0.20/turn                e - ring of resist corrosion
MPRegen 0.12/turn                (no ring)

@: no status effects
A: sickness immunity, AC +7, negative energy resistance 1, electricity
resistance, torment resistance 1, petrification resistance
a: no special abilities


You were on level 8 of the Dungeon.
You visited 2 branches of the dungeon, and saw 9 of its levels.

You collected 475 gold pieces.
You spent 433 gold pieces at shops.


Innate Abilities, Weirdness & Mutations

You are immune to sickness and miasma.
Your stone body is resilient. (AC +7)
You are immune to poison.
You resist negative energy. (rN+)
You are resistant to electric shocks. (rElec)
You are resistant to unholy torment.
You are immune to petrification.


   Skills:
 - Level 8.0 Fighting
 + Level 10.2 Axes
 - Level 1.2 Throwing
 - Level 5.0 Armour
 - Level 1.4 Dodging
 - Level 5.0 Shields


You had 9 spell levels left.
You didn't know any spells.
Your spell library was empty.

Inventory:

Hand Weapons
 f - a +3 morningstar
 k - a +0 hand axe of holy wrath
 Y - a +1 war axe (weapon)
Armour
 c - a +0 buckler (worn)
 g - a +0 chain mail (worn)
 h - a +2 cloak of stealth (worn)
Jewellery
 e - a ring of resist corrosion (left hand)
 i - an amulet of reflection (around neck)
 m - a ring of fire
Scrolls
 a - a scroll of identify
 n - a scroll of enchant armour
Potions
 b - a potion of resistance
 d - 3 potions of might
 l - a potion of haste

Dungeon Overview and Level Annotations

Branches:
Dungeon (8/15)             Temple (1/1) D:4
   Lair: D:8-11

Altars:
Cheibriados
Dithmenos
Elyvilon
Fedhas
Gozag
Hepliaklqana
Kikubaaqudgha
Makhleb
Nemelex Xobeh
Qazlal
Ru
Sif Muna
Trog
Uskayaw
Vehumet
Wu Jian
Xom
Zin
The Shining One

Shops:
D:1 (   D:5 *   D:7 !

Annotations:
D:7 1 transporter, qw's ghost, novice GrFi


Message History

You closely miss the wight.
The wight is severely damaged.
The wight barely misses you.
You hit the wight.
The wight is severely damaged.
You block the wight's attack. The wight hits you with a +1 halberd.
You barely miss the wight.
The wight is severely damaged.
The wight hits you with a +1 halberd. You block the wight's attack.
You barely miss the wight.
The wight is severely damaged.
You block the wight's attack.
You closely miss the wight.
The wight is severely damaged.
You block the wight's attack. x2
You hit the wight but do no damage.
The wight is severely damaged.
The wight hits you but does no damage. x2
You slash the wight!
You destroy the wight!
The wight completely misses you.
You closely miss the orc warrior. You block the orc warrior's attack.
The wight hits you from afar with a +2 halberd.
You closely miss the orc warrior.
The orc warrior hits you but does no damage.
The wight hits you from afar with a +2 halberd.
You hit the orc warrior but do no damage.
The orc warrior barely misses you. The wight hits you but does no damage.
You hit the orc warrior but do no damage.
The orc warrior closely misses you. The wight barely misses you.
You slash the orc warrior!
The orc warrior is moderately wounded.
You block the orc warrior's attack.
The wight hits you from afar with a +2 halberd.
You slash the orc warrior!
The orc warrior is severely wounded.
You hear a shout!
The orc warrior hits you with a +0 halberd.
You die...

.#.# .#.#.#.# #.
#.#.#.#.# #.##
#.#.#.#.# #.#.#
.#.#o#.#.#.#.##
.#.#o#.#y#.#.#.#
.#.#.#z#.#)#.#.#
.#.#.#.#o#.#%#.#
#.#.#.#.#@#)#.#.#
#.#.#.#.#)#.#.#.#
.#
#.#.#.#.#.#.#.##
#.#
#.#.#.#.#.#.#.#
#.#
#.#.#.#.#.#.##
#.#.#.#.#.#.#.#.#
#.#+#'#+#+#.#.#..
##..)......#####.
#.........#


You could see an orc warrior, a wight and an orc.

Vanquished Creatures
  Grinder (D:3)
  2 wyverns
  4 water moccasins
  An ice beast (D:6)
  3 sky beasts (D:7)
  2 black bears
  An ogre (D:6)
  A centaur (D:7)
  A bullfrog (D:7)
  A necrophage (D:6)
  A scorpion (D:5)
  8 wights
  3 killer bees (D:8)
  A howler monkey (D:5)
  3 hounds
  5 jellies
  5 orc priests
  6 iguanas
  9 orc wizards
  7 gnolls
  9 adders
  2 shadow imps (D:6)
  2 ufetubi
  4 worms
  A dart slug (D:2)
  25 orcs
  5 ball pythons
  3 bats (D:1)
  6 endoplasms
  3 giant cockroaches
  5 goblins
  3 hobgoblins
  2 quokkas
  2 frilled lizards (D:1)
  7 kobolds
  5 rats
149 creatures vanquished.

Vanquished Creatures (others)
  4 toadstools (D:1)
4 creatures vanquished.

Grand Total: 153 creatures vanquished

Notes
Turn   | Place    | Note
-------+----------+-------------------------------------------
     0 | D:1      | qw the Gargoyle Fighter began the quest for the Orb.
     0 | D:1      | Reached XP level 1. HP: 14/14 MP: 1/1
     0 | D:1      | 0 ||| qw: Version: 0.2-a-10-g399e6c4
     0 | D:1      | 0 ||| qw: Game counter: 148
     0 | D:1      | 0 ||| qw: Always use a shield: true
     0 | D:1      | 0 ||| qw: God list: Okawaru
     0 | D:1      | 0 ||| qw: Allow faded altars: false
     0 | D:1      | 0 ||| qw: Do Orc after D:15 true
     0 | D:1      | 0 ||| qw: Do second Lair branch before Depths: true
     0 | D:1      | 0 ||| qw: Lair rune preference: random
     0 | D:1      | 0 ||| qw: Plans: Normal, Zot:1-4, God:TSO, Crypt, Tomb,
                  | Pan, Slime:5, Hells, Abyss, Orb
     0 | D:1      | 0 ||| PLANNING D:1-11
    88 | D:1      | Reached skill level 2 in Axes
   145 | D:1      | Found Qyphuol's Antique Weapon Shop.
   162 | D:1      | 162 ||| BUYING mace (69 gold).
   162 | D:1      | Bought a mace for 69 gold pieces
   401 | D:1      | Reached XP level 2. HP: 19/19 MP: 2/2
   987 | D:1      | 987 ||| UPGRADING to amulet of reflection.
   992 | D:1      | 992 ||| READING scroll labelled UWILILIUCA.
  1093 | D:1      | 1093 ||| READING scroll labelled EXAIFE FICS.
  1094 | D:1      | 1094 ||| READING scroll labelled OCI BUBAQOFF.
  1131 | D:2      | You fall into a shaft and drop 1 floor!
  1170 | D:3      | 1170 ||| Stepping ~*~*~tactically~*~*~ (stealth).
  1176 | D:3      | Reached skill level 3 in Axes
  1176 | D:3      | 1176 ||| Stepping ~*~*~tactically~*~*~ (stealth).
  1210 | D:3      | 1210 ||| Stepping ~*~*~tactically~*~*~ (hiding).
  1212 | D:3      | Noticed a +0 dagger
  1212 | D:3      | Noticed a +0 falchion
  1212 | D:3      | Noticed a +0 spear
  1212 | D:3      | Noticed a +0 dagger
  1212 | D:3      | Noticed a +0 falchion
  1213 | D:3      | Noticed a +0 spear
  1213 | D:3      | Noticed a +0 short sword
  1215 | D:3      | Noticed a +0 short sword
  1220 | D:3      | Reached XP level 3. HP: 12/23 MP: 3/3
  1238 | D:3      | Reached XP level 4. HP: 14/28 MP: 4/4
  1385 | D:3      | Found a hide-covered altar of Uskayaw.
  1488 | D:3      | 1488 ||| UPGRADING to +0 chain mail.
  1498 | D:3      | 1498 ||| DROPPING +0 scale mail.
  1499 | D:3      | 1499 ||| READING scroll labelled BORALA ZAAMUX.
  1500 | D:3      | 1500 ||| READING scroll labelled JAAR HAFUM.
  1538 | D:2      | Reached skill level 4 in Axes
  1569 | D:2      | 1569 ||| Stepping ~*~*~tactically~*~*~ (stealth).
  1570 | D:2      | 1570 ||| Stepping ~*~*~tactically~*~*~ (stealth).
  1636 | D:2      | 1636 ||| Stepping ~*~*~tactically~*~*~ (stealth).
  1637 | D:2      | 1637 ||| Stepping ~*~*~tactically~*~*~ (stealth).
  1666 | D:2      | 1666 ||| DROPPING +0 mace.
  2087 | D:2      | 2087 ||| READING scroll labelled FOAGUCH FIDGH.
  2088 | D:2      | 2088 ||| READING scroll labelled DOZUVYETHRYSK.
  2089 | D:2      | 2089 ||| READING scroll labelled CIUKAT IDUSKO.
  2090 | D:2      | 2090 ||| READING 6 scrolls of identify.
  2090 | D:2      | 2090 ||| IDENTIFYING fuming silvery potion
  2091 | D:2      | 2091 ||| READING 5 scrolls of identify.
  2091 | D:2      | 2091 ||| IDENTIFYING metallic silvery potion
  2092 | D:2      | 2092 ||| DROPPING potion of magic.
  2093 | D:2      | 2093 ||| DROPPING potion of flight.
  2171 | D:3      | Noticed Grinder
  2184 | D:3      | Killed Grinder
  2185 | D:3      | Reached skill level 5 in Axes
  2185 | D:3      | Reached XP level 5. HP: 31/32 MP: 5/5
  2185 | D:3      | Reached XP level 6. HP: 36/37 MP: 6/6
  2548 | D:3      | 2548 ||| READING scroll labelled KEG ERPHUIXUSUBYNTY.
  2549 | D:3      | 2549 ||| READING 2 scrolls labelled PYNLED AJAQEANO.
  2550 | D:3      | 2550 ||| READING scroll labelled COHETY QOMU.
  2551 | D:3      | 2551 ||| READING 4 scrolls of identify.
  2551 | D:3      | 2551 ||| IDENTIFYING smoky amethyst potion
  2552 | D:3      | 2552 ||| READING 3 scrolls of identify.
  2552 | D:3      | 2552 ||| IDENTIFYING sedimented grey potion
  2553 | D:3      | 2553 ||| DROPPING scroll of blinking.
  2942 | D:4      | Reached skill level 6 in Axes
  3141 | D:4      | Found a staircase to the Ecumenical Temple.
  3142 | D:4      | 3142 ||| PLANNING TEMPLE
  3148 | Temple   | Entered the Ecumenical Temple
  3452 | Temple   | 3452 ||| PLANNING D:1-11
  3551 | D:4      | 3551 ||| Stepping ~*~*~tactically~*~*~ (stealth).
  3685 | D:4      | Found an ornate altar of the Wu Jian Council.
  3720 | D:4      | 3720 ||| READING 3 scrolls of identify.
  3720 | D:4      | 3720 ||| IDENTIFYING sapphire potion
  3721 | D:4      | 3721 ||| DROPPING potion of degeneration.
  3754 | D:5      | Entered Level 5 of the Dungeon
  3754 | D:5      | Found a sparkling altar of Nemelex Xobeh.
  3771 | D:5      | Reached skill level 1 in Dodging
  3771 | D:5      | Reached XP level 7. HP: 43/43 MP: 7/7
  3827 | D:5      | 3827 ||| Stepping ~*~*~tactically~*~*~ (stealth).
  3828 | D:5      | 3828 ||| Stepping ~*~*~tactically~*~*~ (stealth).
  3934 | D:5      | 3934 ||| Stepping ~*~*~tactically~*~*~ (stealth).
  3935 | D:5      | 3935 ||| Stepping ~*~*~tactically~*~*~ (stealth).
  3943 | D:5      | Reached skill level 7 in Axes
  4039 | D:5      | 4039 ||| Stepping ~*~*~tactically~*~*~ (stealth).
  4040 | D:5      | 4040 ||| Stepping ~*~*~tactically~*~*~ (stealth).
  4041 | D:5      | 4041 ||| Stepping ~*~*~tactically~*~*~ (stealth).
  4053 | D:5      | 4053 ||| DRINKING 2 potions of curing.
  4053 | D:5      | 4053 ||| (to cure confusion)
  4089 | D:5      | Found Papagoen's Assorted Antiques.
  4096 | D:5      | 4096 ||| BUYING glowing cloak (150 gold).
  4096 | D:5      | Bought a glowing cloak for 150 gold pieces
  4096 | D:5      | 4096 ||| BUYING potion of curing (60 gold).
  4096 | D:5      | Bought a potion of curing for 60 gold pieces
  4096 | D:5      | 4096 ||| SHOPLISTING potion of might (80 gold, have 13).
  4096 | D:5      | 4096 ||| SHOPLISTING scroll labelled QOHUQI XEGIEBB (20
                  | gold, have 13).
  4096 | D:5      | 4096 ||| SHOPLISTING scroll labelled ZOOTAO SANUDD (20
                  | gold, have 13).
  4096 | D:5      | 4096 ||| SHOPLISTING scroll of identify (40 gold, have 13).
  4448 | D:5      | Reached XP level 8. HP: 49/49 MP: 8/8
  4530 | D:5      | 4530 ||| Stepping ~*~*~tactically~*~*~ (hiding).
  4709 | D:5      | 4709 ||| UPGRADING to +2 cloak of stealth.
  4714 | D:5      | 4714 ||| READING scroll labelled XOUTASM LUTTYM.
  4784 | D:6      | 4784 ||| Stepping ~*~*~tactically~*~*~ (stealth).
  4786 | D:6      | 4786 ||| DRINKING 2 potions of curing.
  4786 | D:6      | 4786 ||| (to cure confusion)
  4809 | D:6      | Reached skill level 8 in Axes
  4850 | D:6      | 4850 ||| DROPPING +0 flail.
  4867 | D:6      | Found a radiant altar of Vehumet.
  4877 | D:6      | 4877 ||| Stepping ~*~*~tactically~*~*~ (hiding).
  4896 | D:6      | Reached skill level 6 in Fighting
  4927 | D:6      | 4927 ||| DRINKING potion of curing.
  4927 | D:6      | 4927 ||| (to cure confusion)
  4936 | D:6      | 4936 ||| Stepping ~*~*~tactically~*~*~ (stealth).
  4940 | D:6      | 4940 ||| Stepping ~*~*~tactically~*~*~ (stealth).
  5114 | D:6      | Reached skill level 1 in Throwing
  5129 | D:6      | 5129 ||| Stepping ~*~*~tactically~*~*~ (stealth).
  5131 | D:6      | 5131 ||| Stepping ~*~*~tactically~*~*~ (stealth).
  5133 | D:6      | 5133 ||| Stepping ~*~*~tactically~*~*~ (hiding).
  5135 | D:6      | 5135 ||| Stepping ~*~*~tactically~*~*~ (hiding).
  5183 | D:6      | 5183 ||| Stepping ~*~*~tactically~*~*~ (stealth).
  5318 | D:6      | 5318 ||| Stepping ~*~*~tactically~*~*~ (hiding).
  5319 | D:6      | 5319 ||| Stepping ~*~*~tactically~*~*~ (hiding).
  5321 | D:6      | 5321 ||| Stepping ~*~*~tactically~*~*~ (hiding).
  5325 | D:6      | 5325 ||| Stepping ~*~*~tactically~*~*~ (stealth).
  5331 | D:6      | 5331 ||| Stepping ~*~*~tactically~*~*~ (stealth).
  5332 | D:6      | 5332 ||| Stepping ~*~*~tactically~*~*~ (stealth).
  5334 | D:6      | 5334 ||| Stepping ~*~*~tactically~*~*~ (stealth).
  5383 | D:6      | Reached XP level 9. HP: 55/55 MP: 9/9
  5636 | D:6      | Reached skill level 9 in Axes
  5757 | D:6      | 5757 ||| Stepping ~*~*~tactically~*~*~ (stealth).
  5758 | D:6      | 5758 ||| Stepping ~*~*~tactically~*~*~ (stealth).
  5783 | D:6      | 5783 ||| READING scroll labelled ZOOTAO SANUDD.
  5786 | D:6      | 5786 ||| READING 3 scrolls labelled QOHUQI XEGIEBB.
  5787 | D:6      | 5787 ||| READING 2 scrolls of identify.
  5787 | D:6      | 5787 ||| IDENTIFYING brown potion
  5788 | D:6      | 5788 ||| DROPPING 2 scrolls of immolation.
  5789 | D:6      | 5789 ||| DROPPING potion of brilliance.
  5891 | D:7      | Found a burning altar of Makhleb.
  5946 | D:7      | 5946 ||| Stepping ~*~*~tactically~*~*~ (hiding).
  5957 | D:7      | 5957 ||| FLEEEEING.
  5958 | D:7      | 5958 ||| FLEEEEING.
  5959 | D:7      | 5959 ||| FLEEEEING.
  5960 | D:7      | 5960 ||| FLEEEEING.
  5961 | D:7      | 5961 ||| FLEEEEING.
  5962 | D:7      | 5962 ||| FLEEEEING.
  5963 | D:7      | 5963 ||| FLEEEEING.
  5964 | D:7      | 5964 ||| FLEEEEING.
  5968 | D:7      | 5968 ||| FLEEEEING.
  5970 | D:7      | 5970 ||| FLEEEEING.
  5971 | D:7      | 5971 ||| FLEEEEING.
  5973 | D:7      | 5973 ||| FLEEEEING.
  5974 | D:7      | 5974 ||| FLEEEEING.
  5976 | D:7      | 5976 ||| FLEEEEING.
  5978 | D:7      | 5978 ||| STAIRDANCE
  6134 | D:7      | 6134 ||| Stepping ~*~*~tactically~*~*~ (stealth).
  6166 | D:7      | Found a transporter.
  6167 | D:7      | Identified the +7 great mace of Waotwa {vorpal, *Corrode
                  | rElec Will+ Str+4}
  6167 | D:7      | Noticed a two-headed ogre
  6168 | D:7      | Noticed qw's ghost (novice GrFi)
  6187 | D:7      | Found a sacrificial altar of Ru.
  6260 | D:7      | Found Qyerch Jabla's Distillery.
  6269 | D:7      | 6269 ||| BUYING potion of haste (110 gold).
  6269 | D:7      | Bought a potion of haste for 110 gold pieces
  6269 | D:7      | 6269 ||| SHOPLISTING potion of heal wounds (55 gold, have
                  | 50).
  6269 | D:7      | 6269 ||| BUYING potion of might (44 gold).
  6269 | D:7      | Bought a potion of might for 44 gold pieces
  6269 | D:7      | 6269 ||| SHOPLISTING potion of mutation (88 gold, have 6).
  6501 | D:7      | 6501 ||| DROPPING +2 flail of holy wrath.
  6524 | D:7      | Found a shimmering altar of Xom.
  6590 | D:7      | 6590 ||| DRINKING potion of curing.
  6590 | D:7      | 6590 ||| (to cure confusion)
  6591 | D:7      | 6591 ||| Stepping ~*~*~tactically~*~*~ (hiding).
  6848 | D:7      | Reached skill level 10 in Axes
  7159 | D:7      | 7159 ||| UPGRADING to ring of resist corrosion.
  7183 | D:8      | Identified the +4 sling "Bumu" {vorpal, rC- Will+ Dex+2}
  7215 | D:8      | HP: 11/57 [wyvern (11)]
  7216 | D:8      | 7216 ||| DRINKING potion of heal wounds.
  7407 | D:8      | 7407 ||| DROPPING +0 morningstar.
  7417 | D:8      | 7417 ||| Stepping ~*~*~tactically~*~*~ (stealth).
  7418 | D:8      | 7418 ||| Stepping ~*~*~tactically~*~*~ (hiding).
  7425 | D:8      | Reached XP level 10. HP: 64/64 MP: 10/10
  7436 | D:8      | 7436 ||| Stepping ~*~*~tactically~*~*~ (hiding).
  7442 | D:8      | HP: 15/64 [wight/+1 halberd (3)]
  7448 | D:8      | HP: 8/64 [wight/+2 halberd (2)]
  7452 | D:8      | HP: 3/64 [wight/+2 halberd (4)]
  7453 | D:8      | Slain by an orc warrior

Levels and vault maps discovered:
D:1:      ldierk_water_garden, layout_basic, serial_shops, shop_coins,
          minmay_pentomino_t2
D:2:      layout_basic
D:3:      layout_rooms, nicolae_uskayaw_en_pointe, kennysheep_small_spiral,
          uniq_grinder
D:4:      layout_basic, lemuel_coloured_pillars_altar,
          minmay_temple_entry_enclosed_plants
D:5:      layout_cave_pools, mainiacjoe_overflow_concentric_impassable,
          serial_shops, kennysheep_mini_moat
D:6:      layout_gridville, nicolae_vehumet_altar_sigil, grunt_tough_drop
D:7:      layout_basic, amcnicky_altar_gilded,
          mainiacjoe_overflow_surrounded_room, bloody_makhleb, serial_shops,
          nicolae_lakefront_shop, gammafunk_ghost_smash, minivault_25,
          minmay_quadrilaterals
D:8:      layout_basic, minmay_crossroads
Temple:   hc_temple_tempest_star

Skill      XL: |  1  2  3  4  5  6  7  8  9 |
---------------+----------------------------+-----
Axes           | 2 3 5 6 7 8 10 | 10.2
Fighting       | 4 5 6 8 |  8.0
Dodging        | 1 |  1.4
Armour         | 4 5 |  5.0
Throwing       | 1 |  1.2
Shields        | 5 |  5.0

Action                   |  1- 3 |  4- 6 |  7- 9 | 10-12 || total
-------------------------+-------+-------+-------+-------++-------
Melee: War axe           |   103 |   134 |   351 |    27 ||   615
Throw: Boomerang         |       |       |    21 |       ||    21
  Use: Scroll            |     3 |    13 |     4 |       ||    20
       Potion            |       |       |     5 |       ||     5
Armor: Scale mail        |    55 |       |       |       ||    55
       Chain mail        |       |    55 |   200 |    13 ||   268
Dodge: Dodged            |    49 |    28 |    80 |    16 ||   173
Block: Buckler           |    26 |    62 |   162 |    18 ||   268
       Reflection        |     3 |     5 |     2 |       ||    10

Table legend:
 A = Non-vault XP
 B = Vault XP
 C = Vault XP percentage of total XP
 D = Non-vault monster count
 E = Vault monster count
 F = Vault count percentage of total count
                 A         B        C        D         E       F
            +---------+---------+-------+---------+---------+-------
      Total |    4079 |     828 |  16.9 |     140 |       9 |   6.0
            +---------+---------+-------+---------+---------+-------
        D:1 |      26 |       1 |   3.7 |      17 |       1 |   5.6
        D:2 |      55 |       0 |   0.0 |      12 |       0 |   0.0
        D:3 |      98 |     267 |  73.2 |      13 |       1 |   7.1
        D:4 |     136 |       0 |   0.0 |      17 |       0 |   0.0
        D:5 |     792 |       0 |   0.0 |      20 |       0 |   0.0
        D:6 |    1081 |     363 |  25.1 |      32 |       3 |   8.6
        D:7 |     976 |     197 |  16.8 |      17 |       4 |  19.0
        D:8 |     915 |       0 |   0.0 |      12 |       0 |   0.0
            +---------+---------+-------+---------+---------+-------
